 Dungeon Crawl Stone Soup version 0.31-a0-1338-gb567cfdca4 (webtiles) character file.

Game seed: 4356716153746900851

57 bmb222 the Covered (level 3, -2/31 HPs)
             Began as an Armataur Fighter on Dec 23, 2023.
             Slain by a gnoll
             ... wielding a +0 halberd
              (8 damage)
             ... on level 2 of the Dungeon.
             The game lasted 00:01:03 (1205 turns).

bmb222 the Covered (Armataur Fighter)               Turns: 1205, Time: 00:01:04

Health: -2/31      AC:  7    Str: 23    XL:     3   Next: 73%
Magic:  3/3        EV:  7    Int:  8    God:
Gold:   67         SH:  4    Dex:  9    Spells: 2/2 levels left

rFire   . . .        a - +0 flail
rCold   . . .        c - +0 buckler
rNeg    . . .        b - +0 scale mail
rPois   .            (no helmet)
rElec   .            (no cloak)
rCorr   .            (no gloves)
SInv    .            (no barding)
Will    .....        (no amulet) Stlth
                     (no ring)
HPRegen 0.25/turn    (no ring)
MPRegen 0.41/turn

%: roll
@: no status effects
A: large, deformed body, tough skin 3, armoured tail, roll 1
a: no special abilities


You were on level 2 of the Dungeon.
You visited 1 branch of the dungeon, and saw 2 of its levels.

You collected 67 gold pieces.

Inventory:

Hand Weapons
 a - a +0 flail (weapon)
Armour
 b - a +0 scale mail (worn)
 c - a +0 buckler (worn)
Scrolls
 f - 2 scrolls of teleportation {unknown}
 g - a scroll of silence {unknown}
 h - a scroll of vulnerability {unknown}
 i - a scroll of enchant weapon {unknown}
Potions
 d - 2 potions of might
 e - a potion of haste {unknown}


   Skills:
 + Level 3.2 Fighting
 + Level 2.3 Maces & Flails
 + Level 4.2 Armour
 + Level 3.8 Shields


You had 2 spell levels left.
You didn't know any spells.
Your spell library was empty.

Dungeon Overview and Level Annotations

Branches:
Dungeon (2/15)

Altars:


Innate Abilities, Weirdness & Mutations

Armour fits poorly on your strangely shaped body.
You have extremely tough skin. (AC +3)
You have a long armoured tail.
You regenerate magic when rolling toward enemies. (Rampage MPRegen)


Message History

The giant cockroach barely misses you.
There are monsters nearby!
There are monsters nearby!
You hit the giant cockroach.
You kill the giant cockroach!
The frilled lizard barely misses you. The gnoll closely misses you.
You block the frilled lizard's attack. You block the gnoll's attack.
You barely miss the frilled lizard. The frilled lizard barely misses you.
The gnoll hits you from afar with a +0 halberd.
You barely miss the frilled lizard.
Your tail-slap misses the frilled lizard.
The frilled lizard bites you but does no damage.
You block the gnoll's attack.
You barely miss the frilled lizard. The frilled lizard closely misses you.
The gnoll hits you from afar with a +0 halberd.
The frilled lizard hisses.
You block the frilled lizard's attack.
The gnoll hits you from afar with a +0 halberd!
* * * LOW HITPOINT WARNING * * *
You roll towards the gnoll!
You closely miss the gnoll.
The gnoll shouts!
The frilled lizard barely misses you. The gnoll barely misses you.
A giant cockroach comes into view.
You hit the gnoll.
You tail-slap the gnoll, but do no damage.
The gnoll is lightly wounded.
The frilled lizard bites you but does no damage.
The gnoll hits you with a +0 halberd.
* * * LOW HITPOINT WARNING * * *
A giant cockroach comes into view.
The gnoll shouts!
You sock the gnoll!
The gnoll is severely wounded.
The frilled lizard bites you but does no damage.
The gnoll hits you with a +0 halberd.
* * * LOW HITPOINT WARNING * * *
A giant cockroach comes into view. x2
The frilled lizard bites you but does no damage.
The gnoll hits you with a +0 halberd!
You die...

.. ######....##.>.
#..#####..........
#.....<...........
#.....>†..(#......
##.####.....##.##..
#...###......#.....
#...##†........####
##..l##.#†..#.#.#
#.g@.##.#.....#.#
#.#......†.##...#
g. #######..##.###
... #...# #


.BB ##...### .B #......# . #.##.#.##### #..........# #..........# You could see
2 gnolls, 3 giant cockroaches and a frilled lizard.

Vanquished Creatures
  A gnoll (D:2)
  An adder (D:1)
  2 dart slugs (D:1)
  2 endoplasms
  6 giant cockroaches (D:2)
  3 goblins (D:1)
  3 hobgoblins (D:1)
  3 kobolds (D:1)
  4 ball pythons (D:1)
  3 bats
  4 rats
32 creatures vanquished.

Notes
Turn   | Place    | Note
-------+----------+-------------------------------------------
     0 | D:1      | bmb222 the Armataur Fighter began the quest for the Orb.
     0 | D:1      | Reached XP level 1. HP: 18/18 MP: 1/1
   143 | D:1      | Reached XP level 2. HP: 25/25 MP: 2/2
   640 | D:1      | Reached skill level 4 in Armour
   950 | D:1      | Reached XP level 3. HP: 16/31 MP: 3/3
  1205 | D:2      | Slain by a gnoll

Illustrated notes

Levels and vault maps discovered:
D:1:      co_arrival_square_in_a_square_in_a_square, layout_basic
D:2:      minmay_roachtagon, layout_basic

Skill      XL: |  1  2 |
---------------+-------+-----
Maces & Flails | 2 |  2.3
Armour         | 4 |  4.2
Fighting       | 3 |  3.2
Shields        | |  3.8

Action                     || total
---------------------------++-------
  Melee: Flail             ||   108
         Tailslap          ||    10
 Armour: Scale mail        ||   109
  Dodge: Dodged            ||    57
  Block: Buckler           ||    32

Table legend: (Time is in decaauts)
 A = Elapsed time spent in this place.
 B = Non-inter-level travel time spent in this place.
 C = Inter-level travel time spent in this place.
 D = Time resting spent in this place.
 E = Time spent auto-exploring this place.
 F = Levels seen in this place.
 G = Mean time per level.
                   A        B        C        D        E       F      G
               +--------+--------+--------+--------+--------+-----+--------+
         Total |   1240 |   1152 |     88 |     58 |    877 |   2 |  620.0 |
       Dungeon |   1240 |   1152 |     88 |     58 |    877 |   2 |  620.0 |
               +--------+--------+--------+--------+--------+-----+--------+

Top non-repeatable levels by time:
     D:1: 1097 daAuts
     D:2: 142 daAuts
